 Dungeon Sprint DCSS version 0.16-a0-4078-g0e80503 (console) character file.

173 Monkaria the Gouger (level 5, 30/30 HPs)
             Began as a Felid Monk on Feb 22, 2015.
             Was a Believer of Makhleb.
             Quit the game in the Dungeon (Sprint I: "Red Sonja").
             The game lasted 00:01:36 (455 turns).

Monkaria the Gouger (Felid Monk)                     Turns: 455, Time: 00:01:36

Health: 30/30      AC:  2    Str:  9    XL:     5   Next: 28%
Magic:  8/8        EV: 20    Int: 11    God:    Makhleb [**....]
Gold:   297        SH:  0    Dex: 19    Spells: 0 memorised, 4 levels left
                                        Lives:  0   Deaths: 1

rFire  . . .     SeeInvis +       - Unarmed
rCold  . . .     Clarity  .     (armour unavailable)
rNeg   . . .     SustAb   .     (shield unavailable)
rPois  .         Gourm    .     (helmet unavailable)
rElec  .         Spirit   .     (cloak unavailable)
rCorr  .         Warding  .     (gloves unavailable)
rMut   .         NoTele   +     (boots unavailable)
MR     .....                    (no amulet)
Stlth  +++.......               (no ring)
                                (no ring)

@: quick, not resistant to hostile enchantments, fairly stealthy
A: paw claws, no armour, no weapons or thrown items, fangs 3, see invisible,
carnivore 3, speed 1, shaggy fur 2, slow metabolism 1, sharp paws
a: Minor Destruction, Renounce Religion


You were in the Dungeon.
You worshipped Makhleb.
Makhleb was pleased with you.
You were not hungry.

You visited 1 branch You collected 297 gold pieces.

Inventory:

Scrolls
 h - a scroll of blinking
 i - a scroll of identify {unknown}
Potions
 c - a potion of curing
 d - a potion of heal wounds
 e - a potion of haste
 f - 2 potions of magic
 g - a potion of berserk rage
Comestibles
 a - a chunk of flesh
 b - a meat ration


   Skills:
 + Level 8.4 Fighting
 - Level 4.0 Dodging
 - Level 2.6 Stealth
 * Level 11.4 Unarmed Combat


You had 4 spell levels left.
You didn't know any spells.

Dungeon Overview and Level Annotations

Branches:
Dungeon (1/1)

Altars:
Elyvilon
Gozag
Kikubaaqudgha
Makhleb
Nemelex Xobeh
Okawaru
Qazlal
Ru
Sif Muna
Trog
Vehumet
Xom
Yredelemnul
Zin
The Shining One

Shops:
D }

Annotations:
D Sonja


Innate Abilities, Weirdness & Mutations

You cannot wear armour.
You are incapable of wielding weapons or throwing items.
You have razor-sharp teeth.
You have supernaturally acute eyesight.
You are carnivorous and can eat meat at any time.
You cover ground quickly.
You are covered in thick fur (AC +2).
You have a slow metabolism.
Your paws have sharp claws that are effective at stabbing.


Message History

Sonja wields an uncursed short sword of distortion.
Its appearance distorts for a moment.
Sonja hits you with an uncursed short sword of distortion!
Space warps horribly around you!
Ouch! That really hurt!
* * * LOW HITPOINT WARNING * * *
Sonja misses you. Sonja completely misses you.
There is an open door, spattered with blood here.
You claw Sonja!
Sonja begins to bleed from her wounds!
Your claw misses Sonja.
Sonja is heavily wounded.
Sonja hits you with an uncursed short sword of distortion.
You die...
Space bends around you. Sonja misses you.
Sonja hits you with a +0 short sword of distortion.
You are now level 5!
You rejoin the land of the living...
Found four items. 2 giant spores come into view.
Unknown command.
Are you sure you want to abandon this character and quit the game? (Confirm with "yes".)

####_..._##_.#+#
#_____###†#
####### #K# $.$
#$.$# ###.###
#$#+#$# #$*$*$#
#$@[?$# #######


You could see 2 giant spores.

Vanquished Creatures
  A yak (D)
  An ogre (D)
  Sigmund (D)
  A jelly (D)
  Ijyb (D)
5 creatures vanquished.

Notes
Turn   | Place    | Note
--------------------------------------------------------------
     0 | D        | Monkaria, the Felid Monk, began the quest for the Orb.
     0 | D        | Reached XP level 1. HP: 10/10 MP: 2/2
     1 | D        | Noticed Ijyb
    20 | D        | Killed Ijyb
    20 | D        | Reached skill level 5 in Unarmed Combat
    20 | D        | Reached XP level 2. HP: 4/15 MP: 3/3
   236 | D        | Noticed an ogre
   243 | D        | Killed an ogre
   243 | D        | Reached skill level 5 in Fighting
   243 | D        | Reached skill level 8 in Unarmed Combat
   243 | D        | Reached XP level 3. HP: 18/20 MP: 5/5
   243 | D        | Reached XP level 4. HP: 21/24 MP: 7/7
   282 | D        | Noticed Sigmund
   288 | D        | Killed Sigmund
   288 | D        | Reached skill level 9 in Unarmed Combat
   288 | D        | Reached XP level 5. HP: 18/28 MP: 8/8
   407 | D        | Found a deep blue altar of Sif Muna.
   408 | D        | Noticed a jelly
   409 | D        | Found a radiant altar of Vehumet.
   414 | D        | Killed a jelly
   414 | D        | Reached skill level 10 in Unarmed Combat
   433 | D        | Found Skeujiat's Gadget Emporium.
   433 | D        | Found a white marble altar of Elyvilon.
   433 | D        | Found a stormy altar of Qazlal.
   433 | D        | Found a burning altar of Makhleb.
   433 | D        | Found a sacrificial altar of Ru.
   433 | D        | Found a basalt altar of Yredelemnul.
   433 | D        | Found a glowing golden altar of the Shining One.
   433 | D        | Found a sparkling altar of Nemelex Xobeh.
   433 | D        | Found a shimmering altar of Xom.
   433 | D        | Found an opulent altar of Gozag.
   433 | D        | Found an ancient bone altar of Kikubaaqudgha.
   433 | D        | Found a glowing silver altar of Zin.
   433 | D        | Noticed a yak
   434 | D        | Found an iron altar of Okawaru.
   435 | D        | Killed a yak
   435 | D        | Reached skill level 11 in Unarmed Combat
   435 | D        | Gained mutation: You are covered in thick fur (AC +2). [growing up]
   435 | D        | Reached XP level 6. HP: 29/34 MP: 10/10
   436 | D        | Found a bloodstained altar of Trog.
   441 | D        | Became a worshipper of Makhleb the Destroyer
   441 | D        | Acquired Makhleb's first power
   441 | D        | Acquired Makhleb's second power
   450 | D        | Noticed Sonja
   454 | D        | Slain by Sonja
   455 | D        | Reached XP level 5. HP: -1/30 MP: 8/8
   455 | D        | Quit the game

Action                   |  1- 3 |  4- 6 || total
-------------------------+-------+-------++-------
Melee: Unarmed           |    23 |     9 ||    32
 Stab: Sleeping          |       |     1 ||     1
  Eat: Chunk             |     2 |       ||     2
